 Dungeon Crawl Stone Soup version 0.29.0-4-gdea44cf6ec (webtiles) character file.

Game seed: 1467263295726907960

23 qw the Chopper (level 3, 0/21 HPs)
             Began as a Tengu Warper on Aug 28, 2022.
             Killed from afar by Natasha (5 damage)
             ... with a magic dart
             ... on level 2 of the Dungeon.
             The game lasted 00:00:06 (1194 turns).

qw the Chopper (Tengu Warper)                       Turns: 1194, Time: 00:00:07

Health: 0/21       AC:  3    Str: 13    XL:     3   Next: 0%
Magic:  7/7        EV: 12    Int: 13    God:
Gold:   71         SH:  0    Dex: 13    Spells: 6/6 levels left

rFire   + . .      SeeInvis .   Y - +0 hand axe
rCold   . . .      Faith    .   (no shield)
rNeg    . . .      Spirit   .   b - +0 leather armour
rPois   +          Reflect  .   (helmet restricted)
rElec   .          Harm     .   (no cloak)
rCorr   .          Rampage  .   (no gloves)
Will    +....                   (boots unavailable)
Stlth   +.........              (no amulet)
HPRegen 0.07/turn               (no ring)
MPRegen 0.10/turn               (no ring)

@: no status effects
A: beak, talons 3, fire resistance 1, strong-willed 1, poison resistance,
MP-powered wands
a: no special abilities


You were on level 2 of the Dungeon.
You visited 1 branch of the dungeon, and saw 2 of its levels.

You collected 71 gold pieces.


Innate Abilities, Weirdness & Mutations

You have a beak for a mouth.
You have claws for feet.
Your flesh is heat resistant. (rF+)
You are strong-willed. (Will+)
Your system is resistant to poisons. (rPois)
You expend magic power (3 MP) to strengthen your wands.


   Skills:
 - Level 2.0 Fighting
 + Level 3.7 Axes
 - Level 1.0 Throwing
 - Level 1.1 Armour
 - Level 2.1 Dodging
 - Level 2.0 Spellcasting
 - Level 2.4 Translocations


You had 6 spell levels left.
You didn't know any spells.
Your spell library contained the following spells:

 Spells                   Type           Power      Damage    Failure   Level
 Blink                    Tloc           14%        N/A       19%         2
 Gell's Gravitas          Tloc           7%         N/A       36%         3
 Lesser Beckoning         Tloc           7%         N/A       36%         3
 Teleport Other           Tloc           7%         N/A       36%         3
 Manifold Assault         Tloc           7%         N/A       98%         5

Inventory:

Hand Weapons
 e - a +0 club
 Y - a +0 hand axe (weapon)
Armour
 b - a +0 leather armour (worn)
Scrolls
 g - a scroll of identify
Potions
 d - a potion of curing {unknown}
 i - a potion of invisibility {unknown}
 j - a potion of might {unknown}

Dungeon Overview and Level Annotations

Branches:
Dungeon (2/15)

Altars:

Annotations:
D:2 Natasha


Message History

You peck the shadow imp.
The shadow imp is heavily wounded.
You closely miss Natasha. The shadow imp closely misses you. Natasha claws you.
You slash the shadow imp!
You kill the shadow imp!
The shadow imp disappears in a puff of smoke!
You miss Natasha. Natasha misses you.
You hit Natasha. Your kick misses Natasha. Your peck misses Natasha.
Natasha is lightly wounded.
Natasha closely misses you.
You completely miss Natasha.
Natasha is lightly wounded.
Natasha claws you but does no damage.
You hit Natasha.
Natasha is lightly wounded.
Natasha growls.
Natasha claws you but does no damage.
You hit Natasha but do no damage. Your kick misses Natasha.
Natasha is lightly wounded.
Natasha casts a spell at you. You resist with almost no effort.
You hit Natasha but do no damage.
Natasha is lightly wounded.
Natasha closely misses you. x2
You barely miss Natasha. Your kick misses Natasha. You peck Natasha.
Natasha is moderately wounded.
Natasha claws you.
You barely miss Natasha. Your kick misses Natasha.
Natasha is moderately wounded.
Natasha claws you but does no damage.
You hit Natasha. You peck Natasha, but do no damage.
Natasha is heavily wounded.
Natasha claws you.
You barely miss Natasha. Your kick misses Natasha.
Natasha is heavily wounded.
Natasha casts a spell at you. The magic dart hits you.
You die...

### ..#
#######.#
#<....#.#######
#..#...@h......
#..####.######.
#... #.# #.###
#.# #.# #.# #..
..# ### #.. ##.


You could see Natasha.

Vanquished Creatures
  An endoplasm (D:1)
  A giant cockroach (D:1)
  3 goblins (D:1)
  A hobgoblin (D:1)
  A kobold (D:1)
  2 quokkas (D:1)
  4 ball pythons (D:1)
  3 bats (D:1)
  3 frilled lizards (D:1)
  6 rats (D:1)
25 creatures vanquished.

Notes
Turn   | Place    | Note
-------+----------+-------------------------------------------
     0 | D:1      | qw the Tengu Warper began the quest for the Orb.
     0 | D:1      | Reached XP level 1. HP: 12/12 MP: 4/4
     0 | D:1      | 0 ||| qw: Version: 0.1-a-89-g26bdef1
     0 | D:1      | 0 ||| qw: Game counter: 1822
     0 | D:1      | 0 ||| qw: Always use a shield: true
     0 | D:1      | 0 ||| qw: God list: Okawaru
     0 | D:1      | 0 ||| qw: Allow faded altars: false
     0 | D:1      | 0 ||| qw: Do Orc after D:15 true
     0 | D:1      | 0 ||| qw: Do second Lair branch before Depths: true
     0 | D:1      | 0 ||| qw: Lair rune preference: random
     0 | D:1      | 0 ||| qw: Plans: Normal
     0 | D:1      | 0 ||| PLANNING D:1-11
   208 | D:1      | Found a faded altar of an unknown god.
   239 | D:1      | 239 ||| Stepping ~*~*~tactically~*~*~ (stealth).
   246 | D:1      | Reached XP level 2. HP: 17/17 MP: 6/6
   248 | D:1      | Reached skill level 3 in Axes
   298 | D:1      | 298 ||| Stepping ~*~*~tactically~*~*~ (stealth).
   589 | D:1      | 589 ||| Stepping ~*~*~tactically~*~*~ (stealth).
   590 | D:1      | 590 ||| Stepping ~*~*~tactically~*~*~ (stealth).
   913 | D:1      | Reached XP level 3. HP: 21/21 MP: 7/7
  1049 | D:1      | 1049 ||| DROPPING ring of magical power.
  1050 | D:1      | 1050 ||| READING scroll labelled WEAGIP XEVUELA.
  1051 | D:1      | 1051 ||| READING 2 scrolls labelled TEARAO SUOMAH.
  1052 | D:1      | 1052 ||| READING 3 scrolls labelled GIRHEH FUCIYVY.
  1053 | D:1      | 1053 ||| READING scroll labelled ARESUO COMAL.
  1054 | D:1      | 1054 ||| DRINKING 3 murky coppery potions.
  1054 | D:1      | Gained mutation: Armour fits poorly on your strangely
                  | shaped body. [potion of mutation]
  1054 | D:1      | Gained mutation: You are frail. (-10% HP) [potion of
                  | mutation]
  1054 | D:1      | Gained mutation: You are somewhat resistant to further
                  | mutation. [potion of mutation]
  1055 | D:1      | 1055 ||| DRINKING 2 potions of mutation.
  1055 | D:1      | Lost mutation: You are frail. (-10% HP) [potion of
                  | mutation]
  1055 | D:1      | Lost mutation: You are somewhat resistant to further
                  | mutation. [potion of mutation]
  1055 | D:1      | Gained mutation: You are somewhat resistant to further
                  | mutation. [potion of mutation]
  1088 | D:1      | 1088 ||| DRINKING potion of mutation.
  1088 | D:1      | Lost mutation: Armour fits poorly on your strangely shaped
                  | body. [potion of mutation]
  1088 | D:1      | Lost mutation: You are somewhat resistant to further
                  | mutation. [potion of mutation]
  1088 | D:1      | Gained mutation: Your flesh is heat resistant. (rF+)
                  | [potion of mutation]
  1088 | D:1      | Gained mutation: You are strong-willed. (Will+) [potion of
                  | mutation]
  1088 | D:1      | Gained mutation: Your system is resistant to poisons.
                  | (rPois) [potion of mutation]
  1088 | D:1      | Gained mutation: You expend magic power (3 MP) to
                  | strengthen your wands. [potion of mutation]
  1089 | D:1      | 1089 ||| DRINKING 2 silvery potions.
  1130 | D:1      | 1130 ||| DROPPING scroll of blinking.
  1131 | D:1      | 1131 ||| DROPPING 2 scrolls of immolation.
  1132 | D:1      | 1132 ||| DROPPING potion of lignification.
  1179 | D:2      | Noticed Natasha
  1193 | D:2      | HP: 5/21 [Natasha (4)]
  1194 | D:2      | Killed from afar by Natasha

Levels and vault maps discovered:
D:1:      evilmike_arrival_hilbert_curve, layout_basic,
          ebering_ecumenical_altar_hall, minmay_misc_feat_five
D:2:      layout_basic, uniq_natasha

Skill      XL: |  1  2 |
---------------+-------+-----
Axes           | 3 |  3.7
Fighting       | |  2.0
Throwing       | |  1.0
Armour         | |  1.1
Dodging        | |  2.1
Spellcasting   | |  2.0
Translocations | |  2.4

Action                   || total
-------------------------++-------
Melee: Hand axe          ||    64
       Kick              ||    10
       Peck              ||     9
Throw: Boomerang         ||     7
  Use: Scroll            ||     4
       Potion            ||     4
 Stab: Distracted        ||     1
Armor: Leather armour    ||    11
Dodge: Dodged            ||    29

Table legend:
 A = Non-vault XP
 B = Vault XP
 C = Vault XP percentage of total XP
 D = Non-vault monster count
 E = Vault monster count
 F = Vault count percentage of total count
                 A         B        C        D         E       F
            +---------+---------+-------+---------+---------+-------
      Total |      34 |       0 |   0.0 |      25 |       0 |   0.0
            +---------+---------+-------+---------+---------+-------
        D:1 |      34 |       0 |   0.0 |      25 |       0 |   0.0
            +---------+---------+-------+---------+---------+-------
